Workbook

Sheet Ingresos
B1: ESTUDIO INGRESOS PARA EL 2018 | L1: INGRESOS 2018 | V1: INGRESOS 2019 | AE1: INGRESOS 2020 | AN1: INGRESOS 2021 | AW1: INGRESOS 2022
B2: Activo Corriente | L2: Activo Corriente | V2: Activo Corriente | AE2: Activo Corriente | AN2: Activo Corriente | AW2: Activo Corriente
B3: Periodo | C3: Descarga de App Móvil | E3: Publicidad | F3: Suscripción Mensual | G3: Subtotal de Ingreso | H3: IVA | I3: Total de Ingresos | L3: Periodo | M3: Descarga de App Móvil | O3: Publicidad | P3: Suscripción Mensual | Q3: Subtotal de Ingreso | R3: IVA | S3: Total de Ingresos | V3: Periodo | W3: Descarga de App Móvil | Y3: Publicidad | Z3: Suscripción Mensual | AA3: Subtotal de Ingreso | AB3: IVA | AC3: Total de Ingresos | AE3: Periodo | AF3: Descarga de App Móvil | AH3: Publicidad | AI3: Suscripción Mensual | AJ3: Subtotal de Ingreso | AK3: IVA | AL3: Total de Ingresos | AN3: Periodo | AO3: Descarga de App Móvil | AQ3: Publicidad | AR3: Suscripción Mensual | AS3: Subtotal de Ingreso | AT3: IVA | AU3: Total de Ingresos | AW3: Periodo | AX3: Descarga de App Móvil | AZ3: Publicidad | BA3: Suscripción Mensual | BB3: Subtotal de Ingreso | BC3: IVA | BD3: Total de Ingresos
C4: C/dad | D4: Valor | E4: Valor | F4: Valor | M4: C/dad | N4: Valor | O4: Valor | P4: Valor | T4: 14700 | W4: C/dad | X4: Valor | Y4: Valor | Z4: Valor | AF4: C/dad | AG4: Valor | AH4: Valor | AI4: Valor | AO4: C/dad | AP4: Valor | AQ4: Valor | AR4: Valor | AX4: C/dad | AY4: Valor | AZ4: Valor | BA4: Valor
B5: Enero | L5: Enero | T5: 1200 | V5: Afiliados 2019 | W5: =80*M18/100 -> 520 | X5: =W5*$T$4 -> 7644000 | Y5: =W5*$T$5 -> 624000 | Z5: =W5*$T$6 -> 21407880 | AA5: =SUM(X5:Z5) -> 29675880 | AB5: =AA5*19/100 -> 5638417.2 | AC5: =AA5+AB5 -> 35314297 | AE5: Afiliados 2019 | AF5: =80*W5/100 -> 416 | AG5: =AF5*$T$4 -> 6115200 | AH5: =AF5*$T$5 -> 499200 | AI5: =AF5*$T$6 -> 17126304 | AJ5: =SUM(AG5:AI5) -> 23740704 | AK5: =AJ5*19/100 -> 4510733.8 | AL5: =AJ5+AK5 -> 28251438 | AN5: Afiliados 2019 | AO5: =80*AF5/100 -> 332.8 | AP5: =AO5*$T$4 -> 4892160 | AQ5: =AO5*$T$5 -> 399360 | AR5: =AO5*$T$6 -> 13701043 | AS5: =SUM(AP5:AR5) -> 18992563 | AT5: =AS5*19/100 -> 3608587 | AU5: =AS5+AT5 -> 22601150 | AW5: Afiliados 2019 | AX5: =80*AO5/100 -> 266.24 | AY5: =AX5*$T$4 -> 3913728 | AZ5: =AX5*$T$5 -> 319488 | BA5: =AX5*$T$6 -> 10960835 | BB5: =SUM(AY5:BA5) -> 15194051 | BC5: =BB5*19/100 -> 2886869.6 | BD5: =BB5+BC5 -> 18080920
B6: Febrero | C6: 30 | D6: =C6*$T$4 -> 441000 | E6: =C6*$T$5 -> 36000 | F6: =C6*$T$6 -> 1235070 | G6: =SUM(D6:F6) -> 1712070 | H6: =G6*19/100 -> 325293.3 | I6: =G6+H6 -> 2037363.3 | L6: Febrero | M6: 30 | N6: =M6*$T$4 -> 441000 | O6: =M6*$T$5 -> 36000 | P6: =M6*$T$6 -> 1235070 | Q6: =SUM(N6:P6) -> 1712070 | R6: =Q6*19/100 -> 325293.3 | S6: =Q6+R6 -> 2037363.3 | T6: 41169 | V6: Total Afiliados | W6: =M18+W5 -> 1170 | Y6: =W6*$T$5 -> 1404000 | Z6: =W6*$T$6 -> 48167730 | AA6: =SUM(X6:Z6) -> 49571730 | AB6: =AA6*19/100 -> 9418628.7 | AC6: =AA6+AB6 -> 58990359 | AE6: Total Afiliados | AF6: =W6+AF5 -> 1586 | AH6: =AF6*$T$5 -> 1903200 | AI6: =AF6*$T$6 -> 65294034 | AJ6: =SUM(AG6:AI6) -> 67197234 | AK6: =AJ6*19/100 -> 12767474 | AL6: =AJ6+AK6 -> 79964708 | AN6: Total Afiliados | AO6: =AF6+AO5 -> 1918.8 | AQ6: =AO6*$T$5 -> 2302560 | AR6: =AO6*$T$6 -> 78995077 | AS6: =SUM(AP6:AR6) -> 81297637 | AT6: =AS6*19/100 -> 15446551 | AU6: =AS6+AT6 -> 96744188 | AW6: Total Afiliados | AX6: =AO6+AX5 -> 2185.04 | AZ6: =AX6*$T$5 -> 2622048 | BA6: =AX6*$T$6 -> 89955912 | BB6: =SUM(AY6:BA6) -> 92577960 | BC6: =BB6*19/100 -> 17589812 | BD6: =BB6+BC6 -> 1.1016777e+08
B7: Marzo | C7: 30 | D7: =C7*$T$4 -> 441000 | E7: =C7*$T$5 -> 36000 | F7: =C7*$T$6 -> 1235070 | G7: =SUM(D7:F7) -> 1712070 | H7: =G7*19/100 -> 325293.3 | I7: =G7+H7 -> 2037363.3 | L7: Marzo | M7: 30 | N7: =M7*$T$4 -> 441000 | O7: =M7*$T$5 -> 36000 | P7: =M7*$T$6 -> 1235070 | Q7: =SUM(N7:P7) -> 1712070 | R7: =Q7*19/100 -> 325293.3 | S7: =Q7+R7 -> 2037363.3 | V7: Subtotal | X7: =SUM(X5:X6) -> 7644000 | Y7: =SUM(Y5:Y6) -> 2028000 | Z7: =SUM(Z5:Z6) -> 69575610 | AA7: =SUM(AA5:AA6) -> 79247610 | AB7: =SUM(AB5:AB6) -> 15057046 | AC7: =SUM(AC5:AC6) -> 94304656 | AE7: Subtotal | AG7: =SUM(AG5:AG6) -> 6115200 | AH7: =SUM(AH5:AH6) -> 2402400 | AI7: =SUM(AI5:AI6) -> 82420338 | AJ7: =SUM(AJ5:AJ6) -> 90937938 | AK7: =SUM(AK5:AK6) -> 17278208 | AL7: =SUM(AL5:AL6) -> 1.0821615e+08 | AN7: Subtotal | AP7: =SUM(AP5:AP6) -> 4892160 | AQ7: =SUM(AQ5:AQ6) -> 2701920 | AR7: =SUM(AR5:AR6) -> 92696120 | AS7: =SUM(AS5:AS6) -> 1.002902e+08 | AT7: =SUM(AT5:AT6) -> 19055138 | AU7: =SUM(AU5:AU6) -> 1.1934534e+08 | AW7: Subtotal | AY7: =SUM(AY5:AY6) -> 3913728 | AZ7: =SUM(AZ5:AZ6) -> 2941536 | BA7: =SUM(BA5:BA6) -> 1.0091675e+08 | BB7: =SUM(BB5:BB6) -> 1.0777201e+08 | BC7: =SUM(BC5:BC6) -> 20476682 | BD7: =SUM(BD5:BD6) -> 1.2824869e+08
B8: Abril | C8: 50 | D8: =C8*$T$4 -> 735000 | E8: =C8*$T$5 -> 60000 | F8: =C8*$T$6 -> 2058450 | G8: =SUM(D8:F8) -> 2853450 | H8: =G8*19/100 -> 542155.5 | I8: =G8+H8 -> 3395605.5 | L8: Abril | M8: 50 | N8: =M8*$T$4 -> 735000 | O8: =M8*$T$5 -> 60000 | P8: =M8*$T$6 -> 2058450 | Q8: =SUM(N8:P8) -> 2853450 | R8: =Q8*19/100 -> 542155.5 | S8: =Q8+R8 -> 3395605.5 | V8: Total Neto | AC8: =AC7 -> 94304656 | AE8: Total Neto | AL8: =AL7 -> 1.0821615e+08 | AN8: Total Neto | AU8: =AU7 -> 1.1934534e+08 | AW8: Total Neto | BD8: =BD7 -> 1.2824869e+08
B9: Mayo | C9: 50 | D9: =C9*$T$4 -> 735000 | E9: =C9*$T$5 -> 60000 | F9: =C9*$T$6 -> 2058450 | G9: =SUM(D9:F9) -> 2853450 | H9: =G9*19/100 -> 542155.5 | I9: =G9+H9 -> 3395605.5 | L9: Mayo | M9: 50 | N9: =M9*$T$4 -> 735000 | O9: =M9*$T$5 -> 60000 | P9: =M9*$T$6 -> 2058450 | Q9: =SUM(N9:P9) -> 2853450 | R9: =Q9*19/100 -> 542155.5 | S9: =Q9+R9 -> 3395605.5 | V9: Total Bruto (menos iva) | AC9: =AC7-AB7 -> 79247610 | AE9: Total Bruto (menos iva) | AL9: =AL7-AK7 -> 90937938 | AN9: Total Bruto (menos iva) | AU9: =AU7-AT7 -> 1.002902e+08 | AW9: Total Bruto (menos iva) | BD9: =BD7-BC7 -> 1.0777201e+08
B10: Junio | C10: 50 | D10: =C10*$T$4 -> 735000 | E10: =C10*$T$5 -> 60000 | F10: =C10*$T$6 -> 2058450 | G10: =SUM(D10:F10) -> 2853450 | H10: =G10*19/100 -> 542155.5 | I10: =G10+H10 -> 3395605.5 | L10: Junio | M10: 50 | N10: =M10*$T$4 -> 735000 | O10: =M10*$T$5 -> 60000 | P10: =M10*$T$6 -> 2058450 | Q10: =SUM(N10:P10) -> 2853450 | R10: =Q10*19/100 -> 542155.5 | S10: =Q10+R10 -> 3395605.5
B11: Julio | C11: 60 | D11: =C11*$T$4 -> 882000 | E11: =C11*$T$5 -> 72000 | F11: =C11*$T$6 -> 2470140 | G11: =SUM(D11:F11) -> 3424140 | H11: =G11*19/100 -> 650586.6 | I11: =G11+H11 -> 4074726.6 | L11: Julio | M11: 60 | N11: =M11*$T$4 -> 882000 | O11: =M11*$T$5 -> 72000 | P11: =M11*$T$6 -> 2470140 | Q11: =SUM(N11:P11) -> 3424140 | R11: =Q11*19/100 -> 650586.6 | S11: =Q11+R11 -> 4074726.6
B12: Agosto | C12: 60 | D12: =C12*$T$4 -> 882000 | E12: =C12*$T$5 -> 72000 | F12: =C12*$T$6 -> 2470140 | G12: =SUM(D12:F12) -> 3424140 | H12: =G12*19/100 -> 650586.6 | I12: =G12+H12 -> 4074726.6 | L12: Agosto | M12: 60 | N12: =M12*$T$4 -> 882000 | O12: =M12*$T$5 -> 72000 | P12: =M12*$T$6 -> 2470140 | Q12: =SUM(N12:P12) -> 3424140 | R12: =Q12*19/100 -> 650586.6 | S12: =Q12+R12 -> 4074726.6
B13: Septiembre | C13: 60 | D13: =C13*$T$4 -> 882000 | E13: =C13*$T$5 -> 72000 | F13: =C13*$T$6 -> 2470140 | G13: =SUM(D13:F13) -> 3424140 | H13: =G13*19/100 -> 650586.6 | I13: =G13+H13 -> 4074726.6 | L13: Septiembre | M13: 60 | N13: =M13*$T$4 -> 882000 | O13: =M13*$T$5 -> 72000 | P13: =M13*$T$6 -> 2470140 | Q13: =SUM(N13:P13) -> 3424140 | R13: =Q13*19/100 -> 650586.6 | S13: =Q13+R13 -> 4074726.6
B14: Octubre | C14: 80 | D14: =C14*$T$4 -> 1176000 | E14: =C14*$T$5 -> 96000 | F14: =C14*$T$6 -> 3293520 | G14: =SUM(D14:F14) -> 4565520 | H14: =G14*19/100 -> 867448.8 | I14: =G14+H14 -> 5432968.8 | L14: Octubre | M14: 80 | N14: =M14*$T$4 -> 1176000 | O14: =M14*$T$5 -> 96000 | P14: =M14*$T$6 -> 3293520 | Q14: =SUM(N14:P14) -> 4565520 | R14: =Q14*19/100 -> 867448.8 | S14: =Q14+R14 -> 5432968.8
B15: Noviembre | C15: 90 | D15: =C15*$T$4 -> 1323000 | E15: =C15*$T$5 -> 108000 | F15: =C15*$T$6 -> 3705210 | G15: =SUM(D15:F15) -> 5136210 | H15: =G15*19/100 -> 975879.9 | I15: =G15+H15 -> 6112089.9 | L15: Noviembre | M15: 90 | N15: =M15*$T$4 -> 1323000 | O15: =M15*$T$5 -> 108000 | P15: =M15*$T$6 -> 3705210 | Q15: =SUM(N15:P15) -> 5136210 | R15: =Q15*19/100 -> 975879.9 | S15: =Q15+R15 -> 6112089.9
B16: Diciembre | C16: 90 | D16: =C16*$T$4 -> 1323000 | E16: =C16*$T$5 -> 108000 | F16: =C16*$T$6 -> 3705210 | G16: =SUM(D16:F16) -> 5136210 | H16: =G16*19/100 -> 975879.9 | I16: =G16+H16 -> 6112089.9 | L16: Diciembre | M16: 90 | N16: =M16*$T$4 -> 1323000 | O16: =M16*$T$5 -> 108000 | P16: =M16*$T$6 -> 3705210 | Q16: =SUM(N16:P16) -> 5136210 | R16: =Q16*19/100 -> 975879.9 | S16: =Q16+R16 -> 6112089.9
B18: Subtotal | C18: =SUM(C6:C16) -> 650 | D18: =SUM(D6:D16) -> 9555000 | E18: =SUM(E6:E16) -> 780000 | F18: =SUM(F6:F16) -> 26759850 | G18: =SUM(G5:G16) -> 37094850 | H18: =SUM(H5:H16) -> 7048021.5 | I18: =SUM(I5:I16) -> 44142872 | L18: Subtotal | M18: =SUM(M6:M16) -> 650 | N18: =SUM(N6:N16) -> 9555000 | O18: =SUM(O6:O16) -> 780000 | P18: =SUM(P6:P16) -> 26759850 | Q18: =SUM(Q5:Q16) -> 37094850 | R18: =SUM(R5:R16) -> 7048021.5 | S18: =SUM(S5:S16) -> 44142872 | AH18: |
B19: Total Neto | I19: =I18 -> 44142872 | L19: Total Neto | S19: =S18 -> 44142872
B20: Total Bruto 2018 | I20: =S20 -> 37094850 | L20: Total Bruto | S20: =S18-R18 -> 37094850
B21: Total Bruto 2019 | I21: =AC9 -> 79247610 | L21: Valor de una (1) descarga es de cinco (5) dólares, equivalente a $ 14.700 (Valor dólar $ 2.940)
B22: Total Bruto 2020 | I22: =AL9 -> 90937938 | L22: Se calcula un promedio de crecimiento en número de descargas suscripciones anuales del 80%
B23: Total Bruto 2021 | I23: =AU9 -> 1.002902e+08 | L23: El valor de la Publicidad se estima en $ 1.200 por descarga en periodos de un (1) mes
B24: Total Bruto 2022 | I24: =BD9 -> 1.0777201e+08 | L24: La Suscripción Mensual es equivalente a catorce (14) dólares $ 41.160 mensuales
B25: Total Proyección Cinco Años | I25: =SUM(I20:I24) -> 4.1534261e+08
B26: Valor de una (1) descarga es de cinco (5) dólares, equivalente a $ 14.700 (Valor dólar $ 2.940)
B27: Se calcula un promedio de crecimiento en número de descargas suscripciones anuales del 80%
B28: El valor de la Publicidad se estima en $ 1.200 por descarga en periodos de un (1) mes
B29: La Suscripción Mensual es equivalente a catorce (14) dólares $ 41.160 mensuales

Sheet Gastos
B1: GASTOS (Pasivo Corriente) POR AÑO, VIGENCIA 2018 | J1: GASTOS POR AÑO, VIGENCIA 2019 | S1: GASTOS POR AÑO, VIGENCIA 2019
B2: Concepto | D2: Valor | E2: U/Med | F2: C/dad | G2: Total Año | H2: Total Febrero | J2: Pasivo Corriente | L2: Valor | M2: U/medida | N2: C/dad | O2: Incremto | P2: Subtotal | Q2: Total | S2: Pasivo Corriente | U2: Valor | V2: U/medida | W2: C/dad | X2: Incremto | Y2: Subtotal | Z2: Total
B3: Servicio | C3: Arrendamiento | D3: 300000 | E3: Factura | F3: 11 | G3: =D3*F3 -> 3300000 | H3: =D3 -> 300000 | J3: Servicio | K3: Arrendamiento | L3: 300000 | M3: Factura Mes | N3: 12 | O3: 0.05 | P3: =(5*L3/100)+L3 -> 315000 | Q3: =N3*P3 -> 3780000 | S3: Servicio | T3: Arrendamiento | U3: 300000 | V3: Factura Mes | W3: 12 | X3: 0.05 | Y3: =(5*U3/100)+U3 -> 315000 | Z3: =W3*Y3 -> 3780000
B4: Servicios Públicos | C4: Luz | D4: 60000 | E4: Factura | F4: 11 | G4: =D4*F4 -> 660000 | H4: =D4 -> 60000 | J4: Servicios Públicos | K4: Luz | L4: 60000 | M4: Factura Mes | N4: 12 | O4: 0.05 | P4: =(5*L4/100)+L4 -> 63000 | Q4: =N4*P4 -> 756000 | S4: Servicios Públicos | T4: Luz | U4: 60000 | V4: Factura Mes | W4: 12 | X4: 0.05 | Y4: =(5*U4/100)+U4 -> 63000 | Z4: =W4*Y4 -> 756000
C5: Agua | D5: 30000 | E5: Factura | F5: 11 | G5: =D5*F5 -> 330000 | H5: =D5 -> 30000 | K5: Agua | L5: 30000 | M5: Factura Mes | N5: 12 | O5: 0.05 | P5: =(5*L5/100)+L5 -> 31500 | Q5: =N5*P5 -> 378000 | T5: Agua | U5: 30000 | V5: Factura Mes | W5: 12 | X5: 0.05 | Y5: =(5*U5/100)+U5 -> 31500 | Z5: =W5*Y5 -> 378000
C6: Internet | D6: 80000 | E6: Factura | F6: 11 | G6: =D6*F6 -> 880000 | H6: =D6 -> 80000 | K6: Internet | L6: 80000 | M6: Factura Mes | N6: 12 | O6: 0.05 | P6: =(5*L6/100)+L6 -> 84000 | Q6: =N6*P6 -> 1008000 | T6: Internet | U6: 80000 | V6: Factura Mes | W6: 12 | X6: 0.05 | Y6: =(5*U6/100)+U6 -> 84000 | Z6: =W6*Y6 -> 1008000
B7: Salarios | C7: Ingeniero de Sistemas, Soporte | D7: 3500000 | E7: Salario | F7: 4 | G7: =D7*F7 -> 14000000 | H7: 0 | J7: Salarios | K7: Auxiliar con conocimiento en sistemas | L7: 1600000 | M7: Salario Mes | N7: 12 | O7: 0.05 | P7: =(5*L7/100)+L7 -> 1680000 | Q7: =N7*P7 -> 20160000 | S7: Salarios | T7: Ingeniero de Sistemas, Soporte | U7: 3500000 | V7: Salario Mes | W7: 0 | Z7: =W7*Y7 -> 0
C8: Desarrollador Aplicación | D8: 4500000 | E8: Salario | F8: 3 | G8: =D8*F8 -> 13500000 | H8: =D8 -> 4500000 | J8: Publicidad | K8: Publicidad y Mercadeo | L8: 2000000 | M8: General | N8: 1 | P8: 2000000 | Q8: =N8*P8 -> 2000000 | T8: Desarrollador Aplicación | U8: 4500000 | V8: Salario Mes | W8: 0 | Z8: =W8*Y8 -> 0
C9: Auxiliar con conocimiento en sistemas | D9: 1600000 | E9: Salario | F9: 6 | G9: =D9*F9 -> 9600000 | H9: 0 | Q9: =SUM(Q3:Q8) -> 28082000 | T9: Auxiliar con conocimiento en sistemas | U9: 1600000 | V9: Salario Mes | W9: 12 | X9: 0.05 | Y9: =(5*U9/100)+U9 -> 1680000 | Z9: =W9*Y9 -> 20160000
C10: Mercadólogo | D10: 4000000 | E10: Salario | F10: 3 | G10: =D10*F10 -> 12000000 | H10: 0 | T10: Mercadólogo | U10: 4000000 | V10: Salario Mes | W10: 0 | Z10: =W10*Y10 -> 0
B11: Inversión Patrimonio | C11: Equipos de Cómputo (Portatil) | D11: 2200000 | E11: un | F11: 2 | G11: =D11*F11 -> 4400000 | H11: =G11 -> 4400000 | J11: GASTOS POR AÑO, VIGENCIA 2020 | S11: Inversión Patrimonio | T11: Equipos de Cómputo (Portatil) | U11: 2200000 | V11: un | W11: 0 | Z11: =W11*Y11 -> 0
C12: Equipo Escritorio (Altas Especificaciones) | D12: 3000000 | E12: un | F12: 2 | G12: =D12*F12 -> 6000000 | H12: =G12 -> 6000000 | J12: Pasivo Corriente | L12: Valor | M12: U/medida | N12: C/dad | O12: Incremto | P12: Subtotal | Q12: Total | T12: Equipo Escritorio (Altas Especificaciones) | U12: 3000000 | V12: un | W12: 0 | Z12: =W12*Y12 -> 0
C13: Video Bean | D13: 1800000 | E13: un | F13: 1 | G13: =D13*F13 -> 1800000 | H13: =G13 -> 1800000 | J13: Servicio | K13: Arrendamiento | L13: =P3 -> 315000 | M13: Factura Mes | N13: 12 | O13: 0.05 | P13: =(5*L13/100)+L13 -> 330750 | Q13: =N13*P13 -> 3969000 | T13: Video Bean | U13: 1800000 | V13: un | W13: 0 | Z13: =W13*Y13 -> 0
C14: Impresora | D14: 900000 | E14: un | F14: 1 | G14: =D14*F14 -> 900000 | H14: =G14 -> 900000 | J14: Servicios Públicos | K14: Luz | L14: =P4 -> 63000 | M14: Factura Mes | N14: 12 | O14: 0.05 | P14: =(5*L14/100)+L14 -> 66150 | Q14: =N14*P14 -> 793800 | T14: Impresora | U14: 900000 | V14: un | W14: 0 | Z14: =W14*Y14 -> 0
C15: Celulares(Sistema Operativo Android) | D15: 1800000 | E15: un | F15: 2 | G15: =D15*F15 -> 3600000 | H15: =G15 -> 3600000 | K15: Agua | L15: =P5 -> 31500 | M15: Factura Mes | N15: 12 | O15: 0.05 | P15: =(5*L15/100)+L15 -> 33075 | Q15: =N15*P15 -> 396900 | T15: Celulares(Sistema Operativo Android) | U15: 1800000 | V15: un | W15: 0 | Z15: =W15*Y15 -> 0
C16: Equipo de Oficina (Escritorios, Sillas etc) | D16: 2000000 | E16: General | F16: 1 | G16: =D16*F16 -> 2000000 | H16: =G16 -> 2000000 | K16: Internet | L16: =P6 -> 84000 | M16: Factura Mes | N16: 12 | O16: 0.05 | P16: =(5*L16/100)+L16 -> 88200 | Q16: =N16*P16 -> 1058400 | T16: Equipo de Oficina (Escritorios, Sillas etc) | U16: 2000000 | V16: General | W16: 0 | Z16: =W16*Y16 -> 0
B17: Publicidad | C17: Publicidad y Mercadeo | D17: 3000000 | E17: General | F17: 1 | G17: =D17*F17 -> 3000000 | H17: =G17 -> 3000000 | J17: Salarios | K17: Auxiliar con conocimiento en sistemas | L17: =P7 -> 1680000 | M17: Salario Mes | N17: 12 | O17: 0.05 | P17: =(5*L17/100)+L17 -> 1764000 | Q17: =N17*P17 -> 21168000 | T17: Publicidad y Mercadeo | U17: 2000000 | V17: General | W17: 1 | Y17: 2000000 | Z17: =W17*Y17 -> 2000000
Q18: =SUM(Q13:Q17) -> 27386100
F19: Total Servicios | H19: =SUM(G3:G6) -> 5170000
F20: Total Salarios | H20: =SUM(G7:G10) -> 49100000 | J20: GASTOS POR AÑO, VIGENCIA 2021
D21: Vigencia 2018 | F21: Total Inversión | H21: =SUM(G11:G17) -> 21700000 | J21: Pasivo Corriente | L21: Valor | M21: U/medida | N21: C/dad | O21: Incremto | P21: Subtotal | Q21: Total
F22: Total Primer mes | H22: =SUM(H3:H17) -> 26670000 | J22: Servicio | K22: Arrendamiento | L22: =P13 -> 330750 | M22: Factura Mes | N22: 12 | O22: 0.05 | P22: =(5*L22/100)+L22 -> 347287.5 | Q22: =N22*P22 -> 4167450
F23: Total Primer Año | H23: =SUM(G3:G17) -> 75970000 | J23: Servicios Públicos | K23: Luz | L23: =P14 -> 66150 | M23: Factura Mes | N23: 12 | O23: 0.05 | P23: =(5*L23/100)+L23 -> 69457.5 | Q23: =N23*P23 -> 833490
D24: Vigencia 2019 | H24: =Q9 -> 28082000 | K24: Agua | L24: =P15 -> 33075 | M24: Factura Mes | N24: 12 | O24: 0.05 | P24: =(5*L24/100)+L24 -> 34728.75 | Q24: =N24*P24 -> 416745
D25: Vigencia 2020 | H25: =Q18 -> 27386100 | K25: Internet | L25: =P16 -> 88200 | M25: Factura Mes | N25: 12 | O25: 0.05 | P25: =(5*L25/100)+L25 -> 92610 | Q25: =N25*P25 -> 1111320
D26: Vigencia 2021 | H26: =Q27 -> 28755405 | J26: Salarios | K26: Auxiliar con conocimiento en sistemas | L26: =P17 -> 1764000 | M26: Salario Mes | N26: 12 | O26: 0.05 | P26: =(5*L26/100)+L26 -> 1852200 | Q26: =N26*P26 -> 22226400
D27: Vigencia 2022 | H27: =Q36 -> 30193175 | Q27: =SUM(Q22:Q26) -> 28755405
D28: Total Gastos Quinquenal | H28: =SUM(H23:H27) -> 1.9038668e+08
J29: GASTOS POR AÑO, VIGENCIA 2022
J30: Pasivo Corriente | L30: Valor | M30: U/medida | N30: C/dad | O30: Incremto | P30: Subtotal | Q30: Total
J31: Servicio | K31: Arrendamiento | L31: =P22 -> 347287.5 | M31: Factura Mes | N31: 12 | O31: 0.05 | P31: =(5*L31/100)+L31 -> 364651.88 | Q31: =N31*P31 -> 4375822.5
J32: Servicios Públicos | K32: Luz | L32: =P23 -> 69457.5 | M32: Factura Mes | N32: 12 | O32: 0.05 | P32: =(5*L32/100)+L32 -> 72930.375 | Q32: =N32*P32 -> 875164.5
K33: Agua | L33: =P24 -> 34728.75 | M33: Factura Mes | N33: 12 | O33: 0.05 | P33: =(5*L33/100)+L33 -> 36465.188 | Q33: =N33*P33 -> 437582.25
K34: Internet | L34: =P25 -> 92610 | M34: Factura Mes | N34: 12 | O34: 0.05 | P34: =(5*L34/100)+L34 -> 97240.5 | Q34: =N34*P34 -> 1166886
J35: Salarios | K35: Auxiliar con conocimiento en sistemas | L35: =P26 -> 1852200 | M35: Salario Mes | N35: 12 | O35: 0.05 | P35: =(5*L35/100)+L35 -> 1944810 | Q35: =N35*P35 -> 23337720
Q36: =SUM(Q31:Q35) -> 30193175

Sheet Finanaciamiento
B1: FINANACIAMIENTO
B2: Pasivo Corriente | F2: Total Año | G2: Total Deuda
B3: Salarios | C3: Desarrollador Aplicación | F3: 13500000 | G3: =SUM(F3:F10) -> 35200000 | I3: Deuda
B4: Inversión Patrimonio | C4: Equipos de Cómputo (Portatil) | F4: 4400000
C5: Equipo Escritorio (Altas Especificaciones) | F5: 6000000
C6: Video Bean | F6: 1800000
C7: Impresora | F7: 900000
C8: Celulares(Sistema Operativo Android) | F8: 3600000
C9: Equipo de Oficina (Escritorios, Sillas etc) | F9: 2000000
B10: Publicidad | C10: Publicidad y Mercadeo | F10: 3000000
B11: Deuda Proyectada a cinco (5) años
B12: Interés Efectivo Anual | G12: 21.6
B13: Interés Mensual | G13: =G12/12 -> 1.8
B14: Año | C14: Deuda Capital | D14: Interéses | E14: Pago Anual | F14: Pago Mensul | G14: Saldo
B15: 2018 | C15: =G3/5 -> 7040000 | D15: =G12*G3/100 -> 7603200 | E15: =C15+D15 -> 14643200 | F15: =E15/12 -> 1220266.7 | G15: =G3-C15 -> 28160000
B16: 2019 | C16: =G15/4 -> 7040000 | D16: =$G$12*G15/100 -> 6082560 | E16: =C16+D16 -> 13122560 | F16: =E16/12 -> 1093546.7 | G16: =G15-C16 -> 21120000
B17: 2020 | C17: =G16/3 -> 7040000 | D17: =$G$12*G16/100 -> 4561920 | E17: =C17+D17 -> 11601920 | F17: =E17/12 -> 966826.67 | G17: =G16-C17 -> 14080000
B18: 2021 | C18: =G17/2 -> 7040000 | D18: =$G$12*G17/100 -> 3041280 | E18: =C18+D18 -> 10081280 | F18: =E18/12 -> 840106.67 | G18: =G17-C18 -> 7040000
B19: 2022 | C19: =G18/1 -> 7040000 | D19: =$G$12*G18/100 -> 1520640 | E19: =C19+D19 -> 8560640 | F19: =E19/12 -> 713386.67 | G19: =G18-C19 -> 0
B21: Crédito | C21: 35200000 | D21: Valor a cubrir | E21: =C23-C24 -> -3675150
B22: Ingreso Bruto 2018 | C22: =Ingresos!I20 -> 37094850 | D22: Accionista | E22: 3675150
B23: Total | C23: =C21+C22 -> 72294850 | D23: Total | E23: 0
B24: Gastos 2018 | C24: =Gastos!H23 -> 75970000

Sheet Pérdidas y Ganancias
B1: Pérdidas y Ganancias P&G
B2: P&G | C2: Año
C3: 2018 | D3: 2019 | E3: 2020 | F3: 2021 | G3: 2022
B4: Ingresos Producción | C4: =Ingresos!I20 -> 37094850 | D4: =Ingresos!I21 -> 79247610 | E4: =Ingresos!I22 -> 90937938 | F4: =Ingresos!I23 -> 1.002902e+08 | G4: =Ingresos!I24 -> 1.0777201e+08
B5: Ingresos Financiamiento Deuda | C5: =Finanaciamiento!G3 -> 35200000 | D5: 0 | E5: 0 | F5: 0 | G5: 0
B6: Ingresos Financiamiento Accionista | C6: =Finanaciamiento!E22 -> 3675150 | D6: 0 | E6: 0 | F6: 0 | G6: 0
B7: Gastos Administrativos | C7: =Gastos!H23 -> 75970000 | D7: =Gastos!H24 -> 28082000 | E7: =Gastos!H25 -> 27386100 | F7: =Gastos!H26 -> 28755405 | G7: =Gastos!H27 -> 30193175
B8: Deuda | C8: =Finanaciamiento!E15 -> 14643200 | D8: =Finanaciamiento!E16 -> 13122560 | E8: =Finanaciamiento!E17 -> 11601920 | F8: =Finanaciamiento!E18 -> 10081280 | G8: =Finanaciamiento!E19 -> 8560640
B9: Utilidad Neta | C9: =SUM(C4:C6)-SUM(C7:C8) -> -14643200 | D9: =SUM(D4:D6)-SUM(D7:D8) -> 38043050 | E9: =SUM(E4:E6)-SUM(E7:E8) -> 51949918 | F9: =SUM(F4:F6)-SUM(F7:F8) -> 61453515 | G9: =SUM(G4:G6)-SUM(G7:G8) -> 69018195

Sheet Valoración
B1: Proyección Cinco (5) Años | I1: Índice de Rentabilidad (IR) | M1: Payback Descontado
C2: Año 0 | D2: Año 1 | E2: Año 2 | F2: Año 3 | G2: Año 4 | I2: VIDA | J2: PROYECTO | K2: 0.111 | M2: VIDA | N2: PROYECTO | P2: 0.111 | Q2: PAYBACK
B3: Flujo de Caja | C3: ='Pérdidas y Ganancias'!C9 -> -14643200 | D3: ='Pérdidas y Ganancias'!D9 -> 38043050 | E3: ='Pérdidas y Ganancias'!E9 -> 51949918 | F3: ='Pérdidas y Ganancias'!F9 -> 61453515 | G3: ='Pérdidas y Ganancias'!G9 -> 69018195 | J3: FLUJOS FUTUROS | K3: FLUJOS DESCONTADOS | N3: FLUJOS FUTUROS | O3: DESCONTADOS | P3: ACUMULADO
I4: 0 | J4: =C7 -> -14643200 | K4: =J4 -> -14643200 | M4: 0 | N4: =J4 -> -14643200 | O4: =N4 -> -14643200 | P4: =O4 -> -14643200
B5: Cálculo del Valor Neto Actual (VNA) | I5: 1 | J5: =C8 -> 38043050 | K5: =J5*(1+$K$2)^-I5 -> 34242169 | M5: 1 | N5: =J5 -> 38043050 | O5: =N5*(1+$P$2)^-M5 -> 34242169 | P5: =P4+O5 -> 19598969 | Q5: 1 | R5: =P4*-1 -> 14643200
B6: Tasa | D6: 0.111 | I6: 2 | J6: =C9 -> 51949918 | K6: =J6*(1+$K$2)^-I6 -> 42087851 | M6: 2 | N6: =J6 -> 51949918 | O6: =N6*(1+$P$2)^-M6 -> 42087851 | P6: =P5+O6 -> 61686820 | R6: =O5 -> 34242169
B7: año 0 | C7: =C3 -> -14643200 | D7: Valor 2 | I7: 3 | J7: =C10 -> 61453515 | K7: =J7*(1+$K$2)^-I7 -> 44813055 | M7: 3 | N7: =J7 -> 61453515 | O7: =N7*(1+$P$2)^-M7 -> 44813055 | P7: =P6+O7 -> 1.0649988e+08
B8: año 1 | C8: =D3 -> 38043050 | D8: Valor 1 | I8: 4 | J8: =C11 -> 69018195 | K8: =J8*(1+$K$2)^-I8 -> 45300955 | M8: 4 | N8: =J8 -> 69018195 | O8: =N8*(1+$P$2)^-M8 -> 45300955 | P8: =P7+O8 -> 1.5180083e+08 | R8: =Q5+(R5/R6) -> 1.4276365
B9: año 2 | C9: =E3 -> 51949918 | I9: SUMATORIA FLUJOS DESCONTADOS | K9: =SUM(K5:K8) -> 1.6644403e+08 | M9: La Inversión se recuperará en un (1) Año y cinco (5) Meses | R9: =0.427636459*12 -> 5.1316375
B10: año 3 | C10: =F3 -> 61453515 | I10: INVERSIÓN EN VALOR ABSOLUTO | K10: =K4*-1 -> 14643200
B11: año 4 | C11: =G3 -> 69018195 | I11: INDICE DE RENTABILIDAD | K11: =K9/K10 -> 11.366643
B12: VNA | C12: =NPV(D6,C8:C11)+C7 -> 1.5180083e+08 | D12: =C12 -> 1.5180083e+08
B14: Tasa Interna de Retorno (TIR)
B15: Tasa | D15: 0.111
B16: año 0 | C16: =C7 -> -14643200 | D16: Valor 2
B17: año 1 | C17: =C8 -> 38043050 | D17: Valor 1
B18: año 2 | C18: =C9 -> 51949918
B19: año 3 | C19: =C10 -> 61453515
B20: año 4 | C20: =C11 -> 69018195
B21: VNA | C21: =IRR(C16:C20) -> 2.8743325 | D21: =C21 -> 2.8743325
